PR
WINTER HAVEN SUN SOX @ TULSA OTTERS
07/03/2033
 
TOP OF THE 1ST
Winter Haven Sun Sox batting - Pitching for Tulsa Otters : RHP Shaun Stroud
Pitching: RHP Shaun Stroud
Batting: SHB Vincent Griffin 0-0: Called Strike
0-1: Ball
1-1: Ground out 4-3 (Groundball, 4S)
Batting: RHB Ju-wei Huang 0-0: Fly out, F9 (Flyball, 9S)
Batting: RHB Paul Bader 0-0: Ball
1-0: Ball
2-0: Ball
3-0: Called Strike
3-1: SINGLE (Groundball, 56D)
Batting: LHB Donald Lund Pickoff Throw to First - Out!
Top of the 1st over - 0 runs, 1 hit, 0 errors, 0 left on base; Winter Haven 0 - Tulsa 0
BOTTOM OF THE 1ST
Tulsa Otters batting - Pitching for Winter Haven Sun Sox : LHP Markus Martin
Pitching: LHP Markus Martin
Batting: LHB Roberto Rivera 0-0: Called Strike
0-1: Swinging Strike
0-2: Strikes out swinging
Batting: RHB Pat Hopkins 0-0: Ball
1-0: Called Strike
1-1: Foul Ball, location: 2F
1-2: Ball
2-2: Ball
3-2: Strikes out swinging, 2-3 out at first.
Batting: RHB Eric Deweese 0-0: Foul Ball, location: 2F
0-1: Ball
1-1: Called Strike
1-2: Ball
2-2: Foul Ball, location: 2F
2-2: Fly out, F9 (Flyball, 9)
Bottom of the 1st over - 0 runs, 0 hits, 0 errors, 0 left on base; Winter Haven 0 - Tulsa 0
TOP OF THE 2ND
Winter Haven Sun Sox batting - Pitching for Tulsa Otters : RHP Shaun Stroud
Batting: LHB Donald Lund 0-0: Swinging Strike
0-1: Foul Ball, location: 2F
0-2: Ball
1-2: Foul Ball, location: 2F
1-2: Ball
2-2: Strikes out looking
Batting: RHB José Álvarez 0-0: Called Strike
0-1: Foul Ball, location: 2F
0-2: Ball
1-2: Foul Ball, location: 2F
1-2: Foul Ball, location: 2F
1-2: Ball
2-2: Foul Ball, location: 2F
2-2: SINGLE (Line Drive, 89M)
Batting: LHB Matt McClendon 0-0: Ball
1-0: Called Strike
1-1: Ball
2-1: Swinging Strike
2-2: Foul Ball, location: 2F
2-2: Strikes out swinging
Batting: RHB Ronaldo Gentil 0-0: Called Strike
0-1: Ball
1-1: Ball
2-1: Ball
3-1: Swinging Strike
Balk!
José Álvarez to second
3-2: Base on Balls
Batting: RHB Yu-bao Wie 0-0: Called Strike
0-1: Ball
1-1: Fly out, F8 (Flyball, 78M)
Top of the 2nd over - 0 runs, 1 hit, 0 errors, 2 left on base; Winter Haven 0 - Tulsa 0
BOTTOM OF THE 2ND
Tulsa Otters batting - Pitching for Winter Haven Sun Sox : LHP Markus Martin
Batting: RHB Zee-loo Li 0-0: Ball
1-0: Called Strike
1-1: Swinging Strike
1-2: Ball
2-2: Strikes out looking
Batting: SHB Naif Na'Il bin Musa 0-0: Swinging Strike
0-1: Swinging Strike
0-2: Ball
1-2: Strikes out swinging
Batting: RHB Jaypee Layug 0-0: Called Strike
0-1: Ball
1-1: Called Strike
1-2: Fly out, F5 (Line Drive, 5S)
Bottom of the 2nd over - 0 runs, 0 hits, 0 errors, 0 left on base; Winter Haven 0 - Tulsa 0
TOP OF THE 3RD
Winter Haven Sun Sox batting - Pitching for Tulsa Otters : RHP Shaun Stroud
Batting: RHB Tom Camden 0-0: Ball
1-0: Fly out, F6 (Line Drive, 6)
Batting: SHB Vincent Griffin 0-0: Called Strike
0-1: Swinging Strike
0-2: Ball
1-2: Strikes out swinging
Batting: RHB Ju-wei Huang 0-0: Swinging Strike
0-1: Ball
1-1: Fly out, F4 (Flyball, 4D)
Top of the 3rd over - 0 runs, 0 hits, 0 errors, 0 left on base; Winter Haven 0 - Tulsa 0
BOTTOM OF THE 3RD
Tulsa Otters batting - Pitching for Winter Haven Sun Sox : LHP Markus Martin
Batting: RHB David Snider 0-0: Called Strike
0-1: Swinging Strike
0-2: SINGLE (Groundball, 6MD)
Batting: RHB Bob Arroyo 0-0: Fly out, F6 (Popup, 15)
Batting: RHB Jim Schroeder 0-0: Ball
1-0: Fly out, F6 (Popup, 6M)
Batting: LHB Roberto Rivera 0-0: Fly out, F9 (Flyball, 89D)
Bottom of the 3rd over - 0 runs, 1 hit, 0 errors, 1 left on base; Winter Haven 0 - Tulsa 0
TOP OF THE 4TH
Winter Haven Sun Sox batting - Pitching for Tulsa Otters : RHP Shaun Stroud
Batting: RHB Paul Bader 0-0: Ball
1-0: Ball
2-0: Called Strike
2-1: SINGLE (Line Drive, 8RS)
Batting: LHB Donald Lund 0-0: Ball
1-0: Called Strike
1-1: Swinging Strike
1-2: Foul Ball, location: 2F
1-2: Ball
2-2: Strikes out looking
Batting: RHB José Álvarez 0-0: Ball
1-0: Called Strike
1-1: Foul Ball, location: 2F
1-2: Ball
2-2: Ball
3-2: Foul Ball, location: 2F
3-2: Foul Ball, location: 2F
3-2: Foul Ball, location: 2F
3-2: Strikes out swinging
Batting: LHB Matt McClendon 0-0: Ball
1-0: Swinging Strike
1-1: Swinging Strike
1-2: Strikes out swinging, 2-3 out at first.
Top of the 4th over - 0 runs, 1 hit, 0 errors, 1 left on base; Winter Haven 0 - Tulsa 0
BOTTOM OF THE 4TH
Tulsa Otters batting - Pitching for Winter Haven Sun Sox : LHP Markus Martin
Batting: RHB Pat Hopkins 0-0: Foul Ball, location: 2F
0-1: SINGLE (Line Drive, 78S)
Batting: RHB Eric Deweese 0-0: Called Strike
0-1: Ball
1-1: Foul Ball, location: 2F
1-2: Ball
2-2: Ball
3-2: 2-RUN HOME RUN (Flyball, 7LD), Distance : 348 ft
Batting: RHB Zee-loo Li 0-0: Called Strike
0-1: Foul Ball, location: 2F
0-2: Ball
1-2: Ball
2-2: Foul Ball, location: 2F
2-2: DOUBLE (Line Drive, 9LM)
Batting: SHB Naif Na'Il bin Musa 0-0: Called Strike
0-1: Called Strike
0-2: Strikes out swinging
Batting: RHB Jaypee Layug 0-0: SINGLE (Groundball, 34D)
Zee-loo Li to third
Batting: RHB David Snider 0-0: Ball
1-0: Foul Ball, location: 2F
1-1: Ball
2-1: Ball
3-1: Fly out, F7 (Flyball, 7)
Batting: RHB Bob Arroyo 0-0: Called Strike
Jaypee Layug is caught stealing 2nd base
Bottom of the 4th over - 2 runs, 4 hits, 0 errors, 1 left on base; Winter Haven 0 - Tulsa 2
TOP OF THE 5TH
Winter Haven Sun Sox batting - Pitching for Tulsa Otters : RHP Shaun Stroud
Batting: RHB Ronaldo Gentil 0-0: Foul Ball, location: 2F
0-1: Called Strike
0-2: Strikes out looking
Batting: RHB Yu-bao Wie 0-0: Ball
1-0: Foul Ball, location: 2F
1-1: Foul Ball, location: 2F
1-2: Fly out, F5 (Line Drive, 5)
Batting: RHB Tom Camden 0-0: Called Strike
0-1: Foul Ball, location: 2F
0-2: Fly out, F9 (Flyball, 9LSF)
Top of the 5th over - 0 runs, 0 hits, 0 errors, 0 left on base; Winter Haven 0 - Tulsa 2
BOTTOM OF THE 5TH
Tulsa Otters batting - Pitching for Winter Haven Sun Sox : LHP Markus Martin
Batting: RHB Bob Arroyo 0-0: Swinging Strike
0-1: Called Strike
0-2: Strikes out swinging
Batting: RHB Jim Schroeder 0-0: Ball
1-0: Called Strike
1-1: Ball
2-1: Foul Ball, location: 2F
2-2: Ball
3-2: Foul Ball, location: 2F
3-2: Foul Ball, location: 2F
3-2: Foul Ball, location: 2F
3-2: Foul Ball, location: 2F
3-2: Strikes out swinging
Batting: LHB Roberto Rivera 0-0: Ball
1-0: Ground out 6-3 (Groundball, 56)
Bottom of the 5th over - 0 runs, 0 hits, 0 errors, 0 left on base; Winter Haven 0 - Tulsa 2
TOP OF THE 6TH
Winter Haven Sun Sox batting - Pitching for Tulsa Otters : RHP Shaun Stroud
Batting: SHB Vincent Griffin 0-0: Called Strike
0-1: Ball
1-1: Reached on error, E6 (Groundball, 6S)
Batting: RHB Ju-wei Huang 0-0: Ball
1-0: SINGLE (Groundball, 4MD)
Vincent Griffin to second
Batting: RHB Paul Bader 0-0: Ball
1-0: Swinging Strike
1-1: Ball
2-1: Reached on error, E1 (Groundball, 13S)
Vincent Griffin to third
Ju-wei Huang to second
Batting: LHB Donald Lund 0-0: Ball
1-0: Grounds into fielders choice 4-2 (Groundball, 34)
Ju-wei Huang to third
Paul Bader to second
Batting: RHB José Álvarez 0-0: Called Strike
0-1: Foul Ball, location: 2F
0-2: Ball
1-2: Ball
2-2: Grounds into double play, 5-2-3 (Groundball, 56)
Top of the 6th over - 0 runs, 1 hit, 2 errors, 2 left on base; Winter Haven 0 - Tulsa 2
BOTTOM OF THE 6TH
Tulsa Otters batting - Pitching for Winter Haven Sun Sox : LHP Markus Martin
Batting: RHB Pat Hopkins 0-0: Ball
1-0: Called Strike
1-1: Ball
2-1: Fly out, F8 (Flyball, 8RD)
Batting: RHB Eric Deweese 0-0: Called Strike
0-1: Ball
1-1: Called Strike
1-2: Strikes out swinging
Batting: RHB Zee-loo Li 0-0: Ball
1-0: Called Strike
1-1: Ball
2-1: Swinging Strike
2-2: DOUBLE (Line Drive, 9LD)
Batting: SHB Naif Na'Il bin Musa 0-0: Called Strike
0-1: Foul Ball, location: 2F
0-2: Ball
Wild Pitch!
Zee-loo Li to third
1-2: Foul Ball, location: 2F
1-2: SINGLE (Groundball, 56D)
Zee-loo Li scores
Batting: RHB Jaypee Layug 0-0: Called Strike
0-1: Ball
1-1: Called Strike
1-2: Strikes out swinging
Bottom of the 6th over - 1 run, 2 hits, 0 errors, 1 left on base; Winter Haven 0 - Tulsa 3
TOP OF THE 7TH
Winter Haven Sun Sox batting - Pitching for Tulsa Otters : RHP Shaun Stroud
Batting: LHB Matt McClendon 0-0: Called Strike
0-1: Ball
1-1: Ball
2-1: Swinging Strike
2-2: Strikes out swinging, 2-3 out at first.
Pitching: RHP Dou-guan Shao
Batting: RHB Ronaldo Gentil 0-0: Ball
1-0: Swinging Strike
1-1: Called Strike
1-2: Foul Ball, location: 2F
1-2: Ball
2-2: Ball
3-2: Strikes out swinging
Batting: RHB Yu-bao Wie 0-0: Ball
1-0: SINGLE (Flyball, 8LS)
Batting: RHB Tom Camden 0-0: Ball
1-0: Swinging Strike
1-1: Foul Ball, location: 2F
1-2: Ball
2-2: Foul Ball, location: 2F
2-2: Strikes out swinging
Top of the 7th over - 0 runs, 1 hit, 0 errors, 1 left on base; Winter Haven 0 - Tulsa 3
BOTTOM OF THE 7TH
Tulsa Otters batting - Pitching for Winter Haven Sun Sox : LHP Markus Martin
Batting: RHB David Snider 0-0: Ball
1-0: Foul Ball, location: 2F
1-1: Fly out, F9 (Line Drive, 9)
Batting: RHB Bob Arroyo 0-0: Ball
1-0: Foul Ball, location: 2F
1-1: Called Strike
1-2: Ball
2-2: Ground out 6-3 (Groundball, 6D)
Batting: RHB Jim Schroeder 0-0: Ball
1-0: Swinging Strike
1-1: Foul Ball, location: 2F
1-2: Foul Ball, location: 2F
1-2: Ball
2-2: Foul Ball, location: 2F
2-2: SINGLE (Flyball, 8LS)
Batting: LHB Roberto Rivera 0-0: Foul Ball, location: 2F
0-1: Foul Ball, location: 2F
0-2: Ball
1-2: Ball
2-2: Foul Ball, location: 2F
2-2: SINGLE (Flyball, 8LS)
Jim Schroeder to second
Runner from 2nd tries for 3rd, SAFE, throw made to third
Batting: RHB Pat Hopkins 0-0: Ball
1-0: Called Strike
1-1: Ball
2-1: Foul Ball, location: 2F
2-2: Ball
3-2: SINGLE (Flyball, 34D)
Jim Schroeder scores
Roberto Rivera to second
Roberto Rivera to third
Batting: RHB Eric Deweese 0-0: Swinging Strike
0-1: Called Strike
0-2: Foul Ball, location: 2F
0-2: Ball
1-2: 3-RUN HOME RUN (Flyball, 78XD), Distance : 397 ft
Batting: RHB Zee-loo Li 0-0: Ground out 6-3 (Groundball, 6S)
Bottom of the 7th over - 4 runs, 4 hits, 0 errors, 0 left on base; Winter Haven 0 - Tulsa 7
TOP OF THE 8TH
Winter Haven Sun Sox batting - Pitching for Tulsa Otters : RHP Dou-guan Shao
Now in CF: Rafael Pérez
Now in RF: Fernando Flores
Batting: SHB Vincent Griffin 0-0: Called Strike
0-1: Ball
1-1: Called Strike
1-2: Strikes out swinging
Batting: RHB Ju-wei Huang 0-0: Swinging Strike
0-1: Foul Ball, location: 2F
0-2: Ball
1-2: Foul Ball, location: 2F
1-2: Ball
2-2: Strikes out looking
Batting: RHB Paul Bader 0-0: Swinging Strike
0-1: Fly out, F9 (Flyball, 9S)
Top of the 8th over - 0 runs, 0 hits, 0 errors, 0 left on base; Winter Haven 0 - Tulsa 7
BOTTOM OF THE 8TH
Tulsa Otters batting - Pitching for Winter Haven Sun Sox : LHP Markus Martin
Batting: SHB Naif Na'Il bin Musa 0-0: Ball
1-0: Ball
2-0: Called Strike
2-1: Ball
3-1: Called Strike
3-2: Foul Ball, location: 2F
3-2: Base on Balls
Batting: RHB Jaypee Layug 0-0: Ball
1-0: Fly out, F6 (Popup, 6)
Batting: RHB David Snider 0-0: Foul Ball, location: 2F
0-1: Ball
1-1: Foul Ball, location: 2F
1-2: Foul Ball, location: 2F
1-2: Foul Ball, location: 2F
1-2: DOUBLE (Line Drive, 9LS)
Naif Na'Il bin Musa to third
Batting: RHB Bob Arroyo 0-0: Fly out, F7 (Flyball, 7LS)
Runner from 3rd tags up, SCORES, no throw
Pitching: RHP Alfonso Gonzáles
Batting: RHB Jim Schroeder 0-0: Ground out 6-3 (Groundball, 56)
Bottom of the 8th over - 1 run, 1 hit, 0 errors, 1 left on base; Winter Haven 0 - Tulsa 8
TOP OF THE 9TH
Winter Haven Sun Sox batting - Pitching for Tulsa Otters : RHP Dou-guan Shao
Batting: LHB Donald Lund 0-0: Called Strike
0-1: Ball
1-1: Fly out, F5 (Line Drive, 5S)
Batting: RHB José Álvarez 0-0: Foul Ball, location: 2F
0-1: Ball
1-1: Swinging Strike
1-2: Strikes out looking
Batting: LHB Matt McClendon 0-0: Ball
1-0: Ball
2-0: Swinging Strike
2-1: Ball
3-1: Swinging Strike
3-2: Strikes out swinging
Top of the 9th over - 0 runs, 0 hits, 0 errors, 0 left on base; Winter Haven 0 - Tulsa 8
Saturday, December 22nd, 2018 - OOTP Baseball 18.8 Build 76